 Dungeon Crawl Stone Soup version 0.30.0-30-g96aa6591b8 (webtiles) character file.

Game seed: 15693979832909609872

1144 BreadTh the Thaumaturge (level 8, 0/41 HPs)
             Began as a Deep Elf Hedge Wizard on June 29, 2023.
             Slain by an ufetubus (3 damage)
             ... on level 5 of the Dungeon on June 30, 2023.
             The game lasted 00:26:07 (5842 turns).

BreadTh the Thaumaturge (Deep Elf Hedge Wizard)     Turns: 5842, Time: 00:26:11

Health: 0/41       AC:  4    Str:  7    XL:     8   Next: 15%
Magic:  1/22       EV: 13    Int: 22    God:
Gold:   354        SH:  5    Dex: 14    Spells: 10/23 levels left

rFire   + . .        f - +0 dagger (venom)
rCold   + . .        (no shield)
rNeg    . . .        j - +1 robe {rC+ rF+}
rPois   .            c - +0 hat
rElec   .            (no cloak)
rCorr   .            (no gloves)
SInv    .            n - +0 pair of boots
Will    .....        h - amulet of reflection
Stlth   ++           (no ring)
HPRegen 0.26/turn    (no ring)
MPRegen 0.18/turn

%: reflection
@: brilliant, lethally poisoned (0 -> -3)
A: no striking features
a: no special abilities


You were on level 5 of the Dungeon.
You visited 1 branch of the dungeon, and saw 6 of its levels.

You collected 354 gold pieces.

Inventory:

Hand Weapons
 a - a +2 whip of draining
 f - a +0 dagger of venom (weapon)
 s - a +0 hand axe of flaming
Missiles
 r - 15 poisoned darts
Armour
 b - a +0 leather armour
 c - a +0 hat (worn)
 j - a +1 robe of resistance (worn)
 n - a +0 pair of boots (worn)
 v - a +2 scale mail of fire resistance
Jewellery
 h - an amulet of reflection (around neck)
 t - an amulet of faith
 x - an amulet of regeneration
Wands
 A - a wand of quicksilver (6)
 E - a wand of flame (10)
Scrolls
 e - 12 scrolls of identify {unknown}
 g - 2 scrolls of enchant weapon {unknown}
 l - a scroll of noise {unknown}
 o - a scroll of poison {unknown}
 p - 2 scrolls of fear {unknown}
 w - a scroll of immolation {unknown}
 y - a scroll of blinking {unknown}
 B - a scroll of enchant armour {unknown}
 C - 2 scrolls of fog {unknown}
 G - a scroll of teleportation {unknown}
Potions
 d - a potion of magic
 i - a potion of flight {unknown}
 k - a potion of heal wounds {unknown}
 m - a potion of lignification {unknown}
 q - a potion of haste {unknown}
 u - a potion of might {unknown}
 z - a potion of brilliance
 D - a potion of ambrosia {unknown}
 F - a potion of cancellation {unknown}


   Skills:
 - Level 3.0 Dodging
 - Level 3.0 Stealth
 - Level 8.0 Spellcasting
 - Level 6.0 Conjurations
 - Level 2.0 Summonings
 - Level 2.0 Translocations
 * Level 5.1 Air Magic


You had 10 spell levels left.
You knew the following spells:

 Your Spells              Type           Power      Damage    Failure   Level
a - Magic Dart            Conj           100%       1d8       1%          1
b - Call Imp              Summ           52%        N/A       4%          2
c - Mephitic Cloud        Conj/Pois/Air  37%        N/A       4%          3
d - Blink                 Tloc           52%        N/A       4%          2
e - Cigotuvi's Dreadful   Necr/Pois/Air  48%        N/A       5%          2
f - Swiftness             Air            47%        N/A       2%          3

Your spell library contained the following spells:

 Spells                   Type           Power      Damage    Failure   Level
 Slow                     Hex            52%        N/A       8%          1
 Ensorcelled Hibernation  Hex/Ice        26%        N/A       11%         2
 Passwall                 Tmut/Erth      10%        N/A       11%         2
 Sublimation of Blood     Necr           13%        N/A       11%         2
 Wereblood                Tmut           13%        N/A       11%         2
 Summon Hydra             Summ           13%        N/A       100%        7


Dungeon Overview and Level Annotations

Branches:
Dungeon (6/15)
 Temple: D:4-7

Altars:

Shops:
D:3 (


Message History

Press: ? - help, Shift-Dir - straight line, f/p - killer bee
Aim: a killer bee (heavily wounded, ally target, 100% to hit)
The magic dart hits the killer bee!
The killer bee is almost dead.
The killer bee barely misses you. The ufetubus hits you.
The ufetubus hits you but does no damage.
Your cerulean imp closely misses the killer bee.
The killer bee stings you.
You are poisoned.
The killer bee poisons you! The ufetubus barely misses you. x2
You barely miss the killer bee.
The killer bee is almost dead.
You feel very sick. You block the killer bee's attack.
You block the ufetubus's attack. The ufetubus barely misses you.
Your cerulean imp closely misses the killer bee.
The killer bee stings you.
* * * LOW HITPOINT WARNING * * *
You closely miss the killer bee.
The killer bee is almost dead.
You feel stable enough to blink again.
You feel sick. The killer bee stings you.
* * * LOW HITPOINT WARNING * * *
The ufetubus misses you. The ufetubus barely misses you.
Your cerulean imp hits the killer bee from afar with a -3 spear.
The killer bee dies!
The ufetubus hits you but does no damage.
You block the ufetubus's attack.
Your Air Magic skill increases to level 5!
* * * LOW HITPOINT WARNING * * *
You feel sick. The ufetubus misses you. The ufetubus barely misses you.
Your cerulean imp misses the ufetubus.
Unknown command.
It was a potion of brilliance.
You feel clever all of a sudden.
* * * LOW HITPOINT WARNING * * *
You feel sick. The ufetubus barely misses you. You block the ufetubus's attack.
Your cerulean imp hits the ufetubus but does no damage.
You block the ufetubus's attack. The ufetubus hits you.
You die...

#............####.#.##.#
#.############ ##.#.##.#
#.# #.......# #<#
##.###### #.#### #.#
#....# ##########(#
####.# #.......##.# #.#
#.......##.# #.#
#...@...##.## #.#
#...5..>#...## #.#
#....5.......## ###.#
#..)..........# #...#
#.............# #.###
####.##.......# #.#
#...###......# ### #.#
#.#........#.# ..# #.#
#.#.#####.##.#


You could see an ufetubus (ally target) and a friendly cerulean imp (summoned).

Vanquished Creatures
  A black bear (D:4)
  2 ogres
  4 scorpions
  A howler monkey (D:5)
  3 hounds
  An orc priest (D:5)
  Jessica (D:3)
  Ijyb (D:4)
  Terence (D:3)
  2 iguanas (D:4)
  Natasha (D:3)
  An orc wizard (D:5)
  6 gnolls
  8 adders
  An ufetubus (D:5)
  A worm (D:2)
  A dart slug (D:1)
  17 orcs
  6 ball pythons
  4 endoplasms
  12 giant cockroaches
  6 goblins
  9 hobgoblins
  2 jackals (D:4)
  6 quokkas
  6 bats
  4 frilled lizards
  6 kobolds
  12 rats
126 creatures vanquished.

Vanquished Creatures (collateral kills)
  A killer bee (D:5)
  A gnoll (D:4)
  An adder (D:5)
  A dart slug (D:5)
4 creatures vanquished.

Grand Total: 130 creatures vanquished

Notes
Turn   | Place    | Note
-------+----------+-------------------------------------------
     0 | D:1      | BreadTh the Deep Elf Hedge Wizard began the quest for the
                  | Orb.
     0 | D:1      | Reached XP level 1. HP: 10/10 MP: 7/7
   239 | D:1      | Reached XP level 2. HP: 2/15 MP: 4/9
   638 | D:1      | Found a faded altar of an unknown god.
   962 | D:1      | Learned a level 2 spell: Call Imp
  1114 | D:1      | Reached XP level 3. HP: 19/19 MP: 8/11
  1346 | D:2      | Learned a level 3 spell: Mephitic Cloud
  1349 | D:2      | Learned a level 2 spell: Blink
  1352 | D:2      | Learned a level 2 spell: Cigotuvi's Dreadful Rot
  2659 | D:3      | Reached XP level 4. HP: 24/24 MP: 9/12
  2660 | D:3      | Reached skill level 5 in Spellcasting
  2793 | D:3      | Noticed Natasha
  2800 | D:3      | Killed Natasha
  3007 | D:3      | Noticed Jessica
  3013 | D:3      | Killed Jessica
  3069 | D:3      | Found Masi Ani's Antique Weapon Emporium.
  3076 | D:3      | Noticed Terence
  3100 | D:3      | Killed Terence
  3101 | D:3      | Reached XP level 5. HP: 28/28 MP: 11/14
  3398 | D:4      | Noticed an ogre
  3418 | D:4      | Killed an ogre
  3419 | D:4      | Reached skill level 5 in Conjurations
  3573 | D:4      | Reached XP level 6. HP: 15/32 MP: 3/15
  3834 | D:4      | Noticed Ijyb
  3850 | D:4      | Killed Ijyb
  4042 | D:4      | Reached skill level 6 in Spellcasting
  4217 | D:4      | Reached XP level 7. HP: 33/33 MP: 17/19
  4239 | D:4      | Reached skill level 7 in Spellcasting
  4476 | D:4      | Reached skill level 8 in Spellcasting
  4592 | D:4      | Learned a level 3 spell: Swiftness
  4593 | D:5      | Entered Level 5 of the Dungeon
  4789 | D:5      | Reached skill level 1 in Air Magic
  5485 | D:5      | Reached XP level 8. HP: 27/41 MP: 20/22
  5841 | D:5      | Reached skill level 5 in Air Magic
  5842 | D:5      | Slain by an ufetubus

Illustrated notes

Levels and vault maps discovered:
D:1:      wander_arrival_peaceful_grave, layout_basic,
          shapermc_ecumenical_altar_mp_ritualfount
D:2:      minmay_roachtagon, layout_loops_corners,
          wander_ebering_terrifying_dragon_lair
D:3:      layout_basic, serial_shops, nicolae_shop_statue_plus, uniq_jessica,
          uniq_terence, uniq_grinder, uniq_robin, uniq_natasha
D:4:      kennysheep_six_static_rooms, layout_gridville, nicolae_goblin_pals
D:5:      minmay_general_purpose_star, layout_loops_cross, serial_rivers,
          chequers_serial_rivers_small_b, chequers_serial_rivers_small_a,
          chequers_serial_rivers_micro_d, chequers_serial_rivers_large_b
D:6:      layout_rooms, temple_doors_e, portal_sewer_entry_a

Skill      XL: |  1  2  3  4  5  6  7  8 |
---------------+-------------------------+-----
Dodging        | 3 |  3.0
Stealth        | 3 |  3.0
Summonings     | 2 |  2.0
Conjurations   | 2 4 5 6 |  6.0
Translocations | 2 |  2.0
Spellcasting   | 5 6 8 |  8.0
Air Magic      | 4 5 |  5.1

Action                     |  1- 3 |  4- 6 |  7- 9 || total
---------------------------+-------+-------+-------++-------
  Melee: Dagger            |    54 |    35 |    67 ||   156
         Whip              |     1 |       |       ||     1
         Punch             |     1 |       |     2 ||     3
   Cast: Magic Dart        |   114 |    75 |    86 ||   275
         Mephitic Cloud    |     1 |     8 |     6 ||    15
         Cigotuvi's Dreadf |     1 |     2 |     1 ||     4
         Blink             |     1 |       |     2 ||     3
         Call Imp          |       |     1 |     4 ||     5
    Use: Potion            |       |       |     1 ||     1
   Stab: Sleeping          |     2 |       |     1 ||     3
         Confused          |       |     4 |     1 ||     5
 Armour: Robe              |    10 |     5 |    10 ||    25
  Dodge: Dodged            |    38 |    20 |    59 ||   117
  Block: Other             |     8 |     9 |    21 ||    38
